 Dungeon Crawl Stone Soup version 0.22-a0-571-g4a923d4b9e (webtiles) character file.

1966 Lucid the Basher (level 9, -5/70 HPs)
             Began as a Minotaur Fighter on July 1, 2018.
             Was a Priest of Hepliaklqana.
             Killed by divine providence
             ... invoked by an orc priest
              (11 damage)
             ... on level 6 of the Dungeon.
             The game lasted 00:35:31 (4423 turns).

Lucid the Basher (Minotaur Fighter)                 Turns: 4423, Time: 00:35:32

Health: -5/70      AC:  6    Str: 25    XL:     9   Next: 0%
Magic:  8/8        EV: 12    Int:  5    God:    Hepliaklqana [***...]
Gold:   220        SH: 11    Dex:  9    Spells: 8/8 levels left

rFire    . . .     SeeInvis .   C - +1 flail (holy)
rCold    . . .     Gourm    .   c - +0 shield
rNeg     + . .     Faith    .   v - +1 leather armour {rN+}
rPois    .         Spirit   .   (helmet restricted)
rElec    .         Reflect  .   (no cloak)
rCorr    .         Harm     .   e - +0 pair of gloves
MR       .....                  (no boots)
Stlth    +.........             (no amulet)
HPRegen  0.21/turn              (no ring)
MPRegen  0.11/turn              (no ring)

@: no status effects
A: retaliatory headbutt, reduced essence, horns 2
a: Recall Ancestor, Ancestor Identity, Transference, Renounce Religion


You were on level 6 of the Dungeon.
You worshipped Hepliaklqana.
Hepliaklqana was most pleased with you.
You were hungry.

You visited 1 branch of the dungeon, and saw 6 of its levels.

You collected 220 gold pieces.

Inventory:

Hand Weapons
 f - a +0 whip of electrocution
 w - a -2 mace
 x - a +0 dagger of protection
 C - a +1 flail of holy wrath (weapon)
Missiles
 j - 29 arrows
 z - 5 tomahawks of returning (quivered)
Armour
 b - a +0 scale mail
 c - a +0 shield (worn)
 e - a +0 pair of gloves (worn)
 h - a cursed +0 chain mail
 v - a +1 leather armour of positive energy (worn)
 A - a +2 helmet
Jewellery
 i - a cursed amulet of inaccuracy
 y - an uncursed ring of flight {unknown}
Wands
 d - a wand of disintegration (17)
 u - a wand of flame (33)
Scrolls
 a - a scroll of remove curse
 k - 2 scrolls of enchant weapon {unknown}
 l - a scroll of immolation
 n - a scroll of noise {unknown}
 o - 2 scrolls of enchant armour {unknown}
 s - 2 scrolls of amnesia {unknown}
 t - 2 scrolls of random uselessness {unknown}
 B - a scroll of identify
Potions
 g - 2 potions of degeneration {unknown}
 p - 2 potions of flight {unknown}
 D - a potion of agility
 E - 2 potions of cancellation {unknown}
Comestibles
 r - 4 rations


   Skills:
 + Level 6.7 Fighting
 + Level 8.3 Maces & Flails
 + Level 0.7 Throwing
 + Level 6.2 Armour
 + Level 4.4 Dodging
 + Level 7.8 Shields


You had 8 spell levels left.
You didn't know any spells.
Your spell library contained the following spells:

 Spells                   Type           Power        Failure   Level  Hunger
 Fireball                 Conj/Fire      #.........   100%        5    ######.
 Apportation              Tloc           #.....       83%         1    ##.....
 Bolt of Fire             Conj/Fire      #.........   100%        6    #######
 Ring of Flames           Chrm/Fire      #.........   100%        7    #######
 Summon Small Mammal      Summ           #...         83%         1    ##.....
 Animate Skeleton         Necr           N/A          83%         1    ##.....
 Confusing Touch          Hex            #.....       83%         1    ##.....
 Ignite Poison            Fire/Tmut/Pois #.......     99%         3    ####...
 Ignition                 Fire           #.........   100%        8    #######


Dungeon Overview and Level Annotations

Branches:
Dungeon (6/15)             Temple (0/1) D:6

Altars:
Hepliaklqana

Shops:
D:4 (

Annotations:
D:6 Menkaure


Innate Abilities, Weirdness & Mutations

You reflexively headbutt those who attack you in melee.
You have a pair of horns on your head.
Your life essence is reduced to manifest your ancestor. (-10% HP)


Message History

An orc comes into view. It is wielding a club.
The orc shouts!
An orc priest comes into view. It is wielding a whip.
The orc priest shouts!
An iguana comes into view.
The iguana hisses angrily.
You block the orc's attack.
An orc priest comes into view. It is wielding a club.
The iguana barely misses you. The orc hits you but does no damage.
The orc priest misses you. The orc priest hits you with a whip.
* * * LOW HITPOINT WARNING * * *
You block the orc's attack. The iguana barely misses you.
The orc jeers loudly, as Orcs often do.
The orc priest invokes the aid of Beogh against you.
You struggle to resist.
The iguana closely misses you.
The orc priest casts a cantrip, but nothing happens.
The orc priest invokes the aid of Beogh against you.
Beogh smites you!
You die...

..#
#..............+......#...#
.##
#..............#......#...#
.#
#..............#......†...#
.#
######+##o....###....##...#
.# #o....#########...# .#
#.l...............# .#
#.o...............# .#
#.o...............# .#
#.@...............# .#
#...<.............#
########..##.###### #####.#
#.. #... #.... #.....
+......


You could see an iguana, 2 orc priests and 2 orcs.

Vanquished Creatures
  Pikel (D:5)
  A troll (D:6)
  Edmund (D:6)
  A phantom (D:4)
  An ice beast (D:5)
  A crimson imp (D:6)
  A bullfrog zombie (D:6)
  2 hounds (D:4)
  An orc priest (D:6)
  A centaur skeleton (D:5)
  Ijyb (D:3)
  Natasha (D:3)
  An iguana (D:4)
  4 orc wizards
  A worker ant (D:4)
  A worker ant zombie (D:6)
  A gnoll (D:4)
  5 adders
  A worm (D:2)
  2 dart slugs (D:2)
  2 leopard geckos (D:5)
  13 orcs
  3 bats
  2 giant cockroaches
  3 goblins
  3 hobgoblins (D:3)
  6 jackals
  3 kobolds
  2 quokkas
  3 frilled lizards
  7 rats
76 creatures vanquished.

Vanquished Creatures (collateral kills)
  An ice beast (D:5)
  An orc warrior (D:6)
  2 water moccasin skeletons (D:4)
  2 orc priests
  A hound (D:6)
  2 orc wizards
  An adder (D:5)
  A dart slug (D:3)
  9 orcs
  A giant cockroach (D:3)
  2 hobgoblins (D:3)
  A kobold (D:3)
  A ball python (D:3)
  2 rats
27 creatures vanquished.

Vanquished Creatures (others)
  A hexer (D:5)
  3 ancestors
  A bat (D:1)
5 creatures vanquished.

Grand Total: 108 creatures vanquished

Notes
Turn   | Place    | Note
-------+----------+-------------------------------------------
     0 | D:1      | Lucid the Minotaur Fighter began the quest for the Orb.
     0 | D:1      | Reached XP level 1. HP: 19/19 MP: 0/0
   429 | D:2      | Reached XP level 2. HP: 15/27 MP: 1/1
   963 | D:2      | Found a faded altar of an unknown god.
   972 | D:2      | Became a worshipper of Hepliaklqana the Forgotten
   972 | D:2      | Reached * piety under Hepliaklqana
  1036 | D:2      | Reached XP level 3. HP: 23/29 MP: 2/2
  1508 | D:3      | Reached skill level 3 in Maces & Flails
  1508 | D:3      | Reached skill level 1 in Dodging
  1508 | D:3      | Reached XP level 4. HP: 21/36 MP: 3/3
  1900 | D:3      | Noticed Natasha
  1924 | D:3      | Killed Natasha
  1924 | D:3      | Reached skill level 5 in Armour
  1924 | D:3      | Reached XP level 5. HP: 37/42 MP: 4/4
  1932 | D:3      | Reached ** piety under Hepliaklqana
  1933 | D:3      | Remembered your ancestor Nindada as a hexer
  1973 | D:3      | Noticed Ijyb
  1984 | D:3      | Killed Ijyb
  2274 | D:4      | Reached skill level 5 in Shields
  2274 | D:4      | Reached XP level 6. HP: 29/47 MP: 5/5
  2279 | D:4      | Reached skill level 4 in Maces & Flails
  2774 | D:4      | Found Xunanturch's Weapon Emporium.
  3353 | D:4      | Reached skill level 5 in Fighting
  3364 | D:4      | Reached skill level 5 in Maces & Flails
  3364 | D:4      | Reached XP level 7. HP: 54/54 MP: 6/6
  3423 | D:5      | Entered Level 5 of the Dungeon
  3551 | D:5      | Reached *** piety under Hepliaklqana
  3562 | D:5      | Reached skill level 6 in Maces & Flails
  3840 | D:5      | Noticed Pikel
  3873 | D:5      | Killed Pikel
  3873 | D:5      | Reached skill level 7 in Maces & Flails
  3873 | D:5      | Reached XP level 8. HP: 52/63 MP: 7/7
  4024 | D:6      | Noticed a troll
  4027 | D:6      | Killed a troll
  4129 | D:6      | Noticed Edmund
  4134 | D:6      | Killed Edmund
  4134 | D:6      | Reached skill level 8 in Maces & Flails
  4193 | D:6      | Found a staircase to the Ecumenical Temple.
  4378 | D:6      | Noticed Menkaure
  4405 | D:6      | Reached XP level 9. HP: 18/70 MP: 8/8
  4423 | D:6      | Killed from afar by an orc priest

Vault maps used:
D:1:      eino_arrival_tree_alley, lemuel_flame_loot_1
D:2:      chequers_ecumenical_altar_simple
D:3:      first_ration, uniq_natasha, uniq_ijyb
D:4:      serial_shops, kennysheep_mini, cheibrodos_gnoll_hut
D:5:      uniq_pikel
D:6:      minmay_temple_entry_trees, uniq_edmund, uniq_menkaure

Skill      XL: |  1  2  3  4  5  6  7  8 |
---------------+-------------------------+-----
Fighting       | 4 5 6 |  6.7
Armour         | 4 5 6 |  6.2
Maces & Flails | 3 5 7 8 |  8.3
Dodging        | 1 2 3 4 |  4.4
Shields        | 4 5 6 7 |  7.8
Throwing       | |  0.7

Action                   |  1- 3 |  4- 6 |  7- 9 || total
-------------------------+-------+-------+-------++-------
Melee: Flail             |    73 |    80 |    87 ||   240
       Headbutt          |    11 |    15 |    22 ||    48
       Mace              |       |     1 |       ||     1
Throw: Tomahawk          |       |       |     2 ||     2
Invok: Ancestor Identity |     1 |     1 |       ||     2
       Ancestor Life: He |       |     1 |       ||     1
  Use: Potion            |     3 |       |     4 ||     7
       Scroll            |       |     3 |     3 ||     6
  Eat: Ration            |     2 |       |     1 ||     3
Armor: Scale mail        |    54 |    20 |       ||    74
       Skin              |     2 |       |       ||     2
       Leather armour    |       |    12 |    25 ||    37
Dodge: Dodged            |    26 |    32 |    38 ||    96
Block: Shield            |    43 |    43 |    70 ||   156

Table legend:
 A = Spawn XP
 B = Non-spawn XP
 C = Spawn XP percentage of total XP
 D = Spawn monster count
 E = Non-spawn monster count
 F = Spawn count percentage of total count
 G = Total turns spent on level
                    A         B        C        D         E        F      G
               +---------+---------+-------+---------+---------+-------+---------
         Total |       0 |    2809 |   0.0 |       0 |     103 |   0.0 |  4423
               +---------+---------+-------+---------+---------+-------+---------
           D:1 |       0 |       6 |   0.0 |       0 |       3 |   0.0 |   353
           D:2 |       0 |      52 |   0.0 |       0 |      14 |   0.0 |  1060
           D:3 |       0 |     200 |   0.0 |       0 |      32 |   0.0 |   772
           D:4 |       0 |     573 |   0.0 |       0 |      20 |   0.0 |  1238
           D:5 |       0 |    1093 |   0.0 |       0 |      19 |   0.0 |   518
           D:6 |       0 |     885 |   0.0 |       0 |      15 |   0.0 |   482
               +---------+---------+-------+---------+---------+-------+---------
